 Dungeon Crawl Stone Soup version 0.30-a0-50-gb2d611f6b1 (webtiles) character file.

Game seed: 6529520400515039267

230 timneilson the Shield-Bearer (level 6, 0/38 HPs)
             Began as a Gargoyle Fighter on Sept 4, 2022.
             Slain by Crazy Yiuf
             ... wielding a +4 quarterstaff of chaos
              (9 damage)
             ... on level 2 of the Dungeon.
             The game lasted 00:03:20 (2903 turns).

timneilson the Shield-Bearer (Gargoyle Fighter)     Turns: 2903, Time: 00:03:21

Health: 0/38       AC: 12    Str: 22    XL:     6   Next: 3%
Magic:  6/6        EV:  9    Int:  8    God:
Gold:   80         SH:  4    Dex:  9    Spells: 5/5 levels left

rFire   . . .      SeeInvis .    a - +0 long sword
rCold   . . .      Faith    .    c - +0 buckler
rNeg    + . .      Spirit   .    b - +0 scale mail
rPois   ∞          Reflect  .    g - +0 helmet
rElec   +          Harm     .    (no cloak)
rCorr   .          Rampage  .    (no gloves)
Will    .....                    (no boots)
Stlth   ..........               (no amulet)
HPRegen 0.12/turn                (no ring)
MPRegen 0.10/turn                (no ring)

@: invisible
A: sickness immunity, AC +4, negative energy resistance 1, electricity
resistance, torment resistance 1, petrification resistance
a: no special abilities


You were on level 2 of the Dungeon.
You visited 1 branch of the dungeon, and saw 2 of its levels.

You collected 80 gold pieces.

Inventory:

Hand Weapons
 a - a +0 long sword (weapon)
Armour
 b - a +0 scale mail (worn)
 c - a +0 buckler (worn)
 g - a +0 helmet (worn)
Scrolls
 e - 2 scrolls of identify
 j - 2 scrolls of teleportation
 k - 2 scrolls of butterflies
Potions
 f - a potion of resistance


   Skills:
 + Level 4.0 Fighting
 * Level 3.1 Long Blades
 * Level 4.5 Armour
 + Level 1.2 Dodging
 * Level 4.5 Shields


You had 5 spell levels left.
You didn't know any spells.
Your spell library contained the following spells:

 Spells                   Type           Power      Damage    Failure   Level
 Beastly Appendage        Tmut           0%         N/A       82%         1
 Poisonous Vapours        Pois/Air       0%         N/A       91%         2
 Wereblood                Tmut           0%         N/A       91%         2
 Spider Form              Tmut/Pois      0%         N/A       99%         3
 Corpse Rot               Necr/Pois/Air  0%         N/A       100%        4


Dungeon Overview and Level Annotations

Branches:
Dungeon (2/15)

Altars:

Annotations:
D:2 Crazy Yiuf


Innate Abilities, Weirdness & Mutations

You are immune to sickness and miasma.
Your stone body is resilient. (AC +4)
You are immune to poison.
You resist negative energy. (rN+)
You are resistant to electric shocks. (rElec)
You are resistant to unholy torment.
You are immune to petrification.


Message History

As you read the scroll labelled EFU BI SEICI, it crumbles to dust.
You feel strangely unstable.
It was a scroll of teleportation.
As you read the scroll of identify, it crumbles to dust.
i - a potion of invisibility
Okay, then.
Your surroundings suddenly seem different.
There is a stone staircase leading up here.
You see here a +0 scale mail.
There is an open door here.
You see here 6 stones.
Crazy Yiuf shouts!
Crazy Yiuf cries, "Ghoul hog hand!"
Okay, then.
You fade into invisibility!
You open the door. You slash Crazy Yiuf!
Crazy Yiuf is heavily wounded.
Crazy Yiuf hits you with a +4 quarterstaff of chaos.
Crazy Yiuf burns you.
You strike the helpless Crazy Yiuf from behind!
You hit Crazy Yiuf.
Crazy Yiuf is severely wounded.
Crazy Yiuf laughs, "Rifle hand foot!"
Crazy Yiuf completely misses you.
You hit Crazy Yiuf but do no damage.
Crazy Yiuf is severely wounded.
You block Crazy Yiuf's attack.
Crazy Yiuf hits you with a +4 quarterstaff of chaos.
Space warps horribly around you!
You hit Crazy Yiuf but do no damage.
Crazy Yiuf is severely wounded.
Crazy Yiuf hits you with a +4 quarterstaff of chaos.
* * * LOW HITPOINT WARNING * * *
You closely miss Crazy Yiuf.
Crazy Yiuf is severely wounded.
Crazy Yiuf barely misses you.
You hit Crazy Yiuf.
Crazy Yiuf is severely wounded.
Crazy Yiuf hits you with a +4 quarterstaff of chaos!
You die...

#.# #.#
####.#
###
#....#
####.####
#####
#....#
#..)#
#.####
#...#
##.# ...
...# #g#
.### ♣♣@♣
## ♣.♣♣
## ♣♣.♣
.# ♣.♣♣
.#####
♣♣.♣♣
.....#
♣...♣♣
.....#
♣....♣
.....#
#+..+#
.....#
#....#


You could see Crazy Yiuf (unable to see you).

Vanquished Creatures
  Sigmund (D:2)
  Robin (D:2)
  An adder (D:2)
  A dart slug (D:1)
  7 endoplasms (D:1)
  A giant cockroach (D:1)
  6 hobgoblins
  4 jackals (D:1)
  2 quokkas (D:1)
  4 ball pythons
  A bat (D:2)
  10 goblins (D:1)
  5 kobolds
44 creatures vanquished.

Notes
Turn   | Place    | Note
-------+----------+-------------------------------------------
     0 | D:1      | timneilson the Gargoyle Fighter began the quest for the
                  | Orb.
     0 | D:1      | Reached XP level 1. HP: 14/14 MP: 1/1
    43 | D:1      | Reached XP level 2. HP: 14/19 MP: 2/2
   832 | D:1      | Reached XP level 3. HP: 12/23 MP: 3/3
  1372 | D:2      | Noticed Robin
  1638 | D:2      | Killed Robin
  1639 | D:2      | Reached XP level 4. HP: 28/28 MP: 4/4
  1712 | D:2      | Found a faded altar of an unknown god.
  2090 | D:2      | Noticed Sigmund
  2121 | D:2      | Killed Sigmund
  2122 | D:2      | Reached skill level 1 in Dodging
  2122 | D:2      | Reached XP level 5. HP: 13/33 MP: 5/5
  2122 | D:2      | Reached XP level 6. HP: 15/38 MP: 6/6
  2503 | D:2      | Found a runed translucent door.
  2504 | D:2      | Noticed Crazy Yiuf
  2903 | D:2      | Slain by Crazy Yiuf

Illustrated notes

Levels and vault maps discovered:
D:1:      dpeg_arrival_simpleton_a, layout_basic, chequers_avenue
D:2:      layout_basic, dreamdust_ecumenical_altar_angels_and_demons,
          supply_closet_lemuel, corexii_item_surrounded_by_moat, uniq_sigmund,
          uniq_robin, uniq_crazy_yiuf_cottage

Skill      XL: |  1  2  3  4 |
---------------+-------------+-----
Long Blades    | 2 3 |  3.1
Fighting       | 4 |  4.0
Armour         | 4 |  4.5
Dodging        | 1 |  1.2
Shields        | 4 |  4.5

Action                   |  1- 3 |  4- 6 || total
-------------------------+-------+-------++-------
Melee: Long sword        |   132 |    56 ||   188
  Use: Scroll            |     3 |     4 ||     7
       Potion            |       |     2 ||     2
 Stab: Invisible         |       |     1 ||     1
Armor: Scale mail        |    78 |    34 ||   112
Dodge: Dodged            |    64 |    20 ||    84
Block: Buckler           |    47 |    12 ||    59

Table legend: (Time is in decaauts)
 A = Elapsed time spent in this place.
 B = Non-inter-level travel time spent in this place.
 C = Inter-level travel time spent in this place.
 D = Time resting spent in this place.
 E = Time spent auto-exploring this place.
 F = Levels seen in this place.
 G = Mean time per level.
                   A        B        C        D        E       F      G
               +--------+--------+--------+--------+--------+-----+--------+
         Total |   2968 |   2908 |     60 |    213 |   2216 |   2 | 1484.0 |
       Dungeon |   2968 |   2908 |     60 |    213 |   2216 |   2 | 1484.0 |
               +--------+--------+--------+--------+--------+-----+--------+

Top non-repeatable levels by time:
     D:1: 1641 daAuts
     D:2: 1327 daAuts
